 Dungeon Crawl Stone Soup version 0.30-a0-596-g0af90f9a20 (webtiles) character file.

Game seed: 12635384195086548846

4 CraigOfTheCreek the Grave Robber (level 1, -1/13 HPs)
             Began as a Vampire Necromancer on Jan 6, 2023.
             Splashed by a jelly's acid (9 damage)
             ... on level 4 of the Dungeon.
             The game lasted 00:02:07 (377 turns).

CraigOfTheCreek the Grave Robber (VpNe)              Turns: 377, Time: 00:02:08

Health: -1/13      AC:  2    Str:  7    XL:     1   Next: 58%
Magic:  3/3        EV: 12    Int: 17    God:
Gold:   52         SH:  0    Dex: 14    Spells: 3/4 levels left

rFire   . . .      SeeInvis +    (no weapon)
rCold   . . .      Faith    .    (no shield)
rNeg    . . .      Spirit   .    a - +0 robe
rPois   .          Reflect  .    (no helmet)
rElec   .          Harm     .    (no cloak)
rCorr   .          Rampage  .    (no gloves)
Will    .....                    (no boots)
Stlth   ++                       (no amulet)
HPRegen 0.42/turn                (no ring)
MPRegen 0.08/turn                (no ring)

@: healing quickly
A: alive, fangs 3, see invisible, vampiric 1
a: Exsanguinate


You were on level 4 of the Dungeon.
You visited 1 branch of the dungeon, and saw 3 of its levels.

You collected 52 gold pieces.

Inventory:

Armour
 a - a +0 robe (worn)
Scrolls
 c - a scroll of brand weapon {unknown}
 g - 2 scrolls of identify {unknown}
 h - a scroll of magic mapping {unknown}
Potions
 b - a potion of magic
 d - 2 potions of resistance {unknown}
 e - a potion of berserk rage {unknown}
 f - a potion of brilliance {unknown}


   Skills:
 + Level 2.1 Dodging
 + Level 3.0 Stealth
 + Level 0.4 Unarmed Combat
 + Level 2.0 Spellcasting
 + Level 4.6 Necromancy


You had 3 spell levels left.
You knew the following spells:

 Your Spells              Type           Power      Damage    Failure   Level
a - Necrotise             Necr           68%        1d7       3%          1

Your spell library contained the following spells:

 Spells                   Type           Power      Damage    Failure   Level
 Vampiric Draining        Necr           17%        2d7       9%          3
 Animate Dead             Necr           17%        N/A       28%         4
 Agony                    Necr           17%        N/A       63%         5


Dungeon Overview and Level Annotations

Branches:
Dungeon (2/15)

Altars:


Innate Abilities, Weirdness & Mutations

Your natural rate of healing is accelerated.
You have razor-sharp teeth.
You have supernaturally acute eyesight. (SInv)
You are afflicted with vampirism.


Message History

The bat barely misses you. The bat closely misses you.
You hit the bat but do no damage. The bat closely misses you.
The bat closely misses you.
You see here 9 gold pieces.
You now have 52 gold pieces (gained 9).
The bat closely misses you. The bat closely misses you.
The bat completely misses you.
There is an open door here.
The bat attacks as you move away! The bat closely misses you.
The bat hits you but does no damage. The bat misses you. x2
The bat misses you. The bat closely misses you. The bat barely misses you.
The bat attacks as you move away! The bat barely misses you. x2
The bat misses you. x2
There is a shaft here.
You fall into a shaft and drop 2 floors!
The shaft crumbles and collapses.
Found three items.
Found 9 stones.
g - 2 scrolls labelled OTTUKHOTUU (gained 1)
h - a scroll labelled MOFROPNYMI You see here 9 stones.
You see here 9 stones.
You see here a book of Necromancy.
You pick up a book of Necromancy and begin reading...
Unfortunately, you learned nothing new.
Found an escape hatch in the floor.
A hobgoblin comes into view.
A jelly comes into view.
The hobgoblin shouts!
The jelly hits you but does no damage.
You hit the jelly.
Your hands burn!
The jelly is lightly wounded.
The hobgoblin hits you but does no damage.
The jelly hits you.
You are splashed with acid!
Ouch! That really hurt!
You die...

#### #... #...
#... #...
#...#### ######
#..J@..#
#....####..g##.#
#......##### #.#
#....#.#### #.#
####.#....####.#
#.####......#
#..#
######.....#
##.# #.##..# #.#
#.# ....


You could see a jelly and a hobgoblin.

Vanquished Creatures
  2 goblins
  A hobgoblin (D:1)
  A ball python (D:1)
4 creatures vanquished.

Notes
Turn   | Place    | Note
-------+----------+-------------------------------------------
     0 | D:1      | CraigOfTheCreek the Vampire Necromancer began the quest for
                  | the Orb.
     0 | D:1      | Reached XP level 1. HP: 13/13 MP: 3/3
   326 | D:2      | You fall into a shaft and drop 2 floors!
   374 | D:4      | Noticed a jelly
   377 | D:4      | Splashed by a jelly's acid

Illustrated notes

Levels and vault maps discovered:
D:1:      tarquinn_simple_flora_water_c, layout_basic, nicolae_wormholes
D:2:      layout_loops_corners
D:4:      layout_rooms, zin_academy, cheibrodos_ashenzari_chains,
          kennysheep_generic_room_5, uniq_edmund

Action                   || total
-------------------------++-------
Melee: Unarmed           ||    27
       Bite              ||     2
 Stab: Sleeping          ||     1
Armor: Robe              ||    19
Dodge: Dodged            ||    41

Table legend: (Time is in decaauts)
 A = Elapsed time spent in this place.
 B = Non-inter-level travel time spent in this place.
 C = Inter-level travel time spent in this place.
 D = Time resting spent in this place.
 E = Time spent auto-exploring this place.
 F = Levels seen in this place.
 G = Mean time per level.
                   A        B        C        D        E       F      G
               +--------+--------+--------+--------+--------+-----+--------+
         Total |    376 |    376 |      0 |      0 |    120 |   3 |  125.3 |
       Dungeon |    376 |    376 |      0 |      0 |    120 |   3 |  125.3 |
               +--------+--------+--------+--------+--------+-----+--------+

Top non-repeatable levels by time:
     D:2: 205 daAuts
     D:1: 120 daAuts
     D:4: 50 daAuts
